 Dungeon Crawl Stone Soup version 0.17-a0-1951-g62301d3 (webtiles) character file.

46 Alipheese the Chopper (level 3, 0/34 HPs)
             Began as a Naga Berserker on Oct 2, 2015.
             Was a Follower of Trog.
             Slain by Sigmund
             ... wielding a +1 scythe of flaming
              (2 damage)
             ... on level 2 of the Dungeon.
             The game lasted 00:01:35 (1897 turns).

Alipheese the Chopper (Naga Berserker)              Turns: 1897, Time: 00:01:35

Health: 0/34       AC:  2    Str: 19    XL:     3   Next: 66%
Magic:  3/3        EV: 10    Int:  7    God:    Trog [*.....]
Gold:   82         SH:  0    Dex: 11    Spells: 0 memorised, 2 levels left

rFire  . . .     SeeInvis +     a - +0 hand axe
rCold  . . .     Clarity  .     b - +0 animal skin
rNeg   . . .     SustAt   .     (no shield)
rPois  +         Gourm    .     (no helmet)
rElec  .         Spirit   .     (no cloak)
rCorr  .         Warding  .     (no gloves)
rMut   .         Stasis   .     (no barding)
MR     .....                    (no amulet)
Stlth  +.........               (no ring)
                                (no ring)

@: very slow, not resistant to hostile enchantments, very unstealthy
A: see invisible, deformed body, poison resistance, slowness 2, slow metabolism
1, spit poison 2, AC +1
a: Spit Poison, Burn Spellbooks, Berserk, Renounce Religion


You were on level 2 of the Dungeon.
You worshipped Trog.
Trog was aware of your devotion.
You were not hungry.

You visited 1 branch of the dungeon, and saw 2 of its levels.

You collected 82 gold pieces.


Innate Abilities, Weirdness & Mutations

You cannot wear boots.
Your serpentine skin is tough (AC +1).
You have supernaturally acute eyesight.
Armour fits poorly on your strangely shaped body.
Your system is resistant to poisons.
You cover ground very slowly.
You have a slow metabolism.
You can spit poison.

Inventory:

Hand weapons
 a - a +0 hand axe (weapon)
Armour
 b - a +0 animal skin (worn)
Jewellery
 g - a +2 ring of protection {unknown}
Magical devices
 f - a wand of frost (25)
Scrolls
 d - a scroll of remove curse {unknown}
 e - 3 scrolls of identify {unknown}
 h - a scroll of blinking {unknown}
Comestibles
 c - a bread ration
 i - 3 fruits


You had 2 spell levels left.
You didn't know any spells.


   Skills:
 - Level 3.0 Fighting
 + Level 4.5 Axes
 - Level 1.5 Armour
 - Level 1.5 Dodging

Dungeon Overview and Level Annotations

Branches:
Dungeon (2/15)

Altars:

Annotations:
D:2 Sigmund

Vault maps used:
D:1:      lemuel_arrival_rhombus
D:2:      uniq_sigmund

Vault maps used:
D:1:      lemuel_arrival_rhombus
D:2:      uniq_sigmund
You       could see Sigmund.


Message History

You see here a hand axe.
You see here a hand axe.
i - 3 fruits
e - 3 scrolls labeled JUGRIA RYWAAL (gained 1) Key pressed, stopping explore.
No target in view!
You open the door.
There is an open door here.
You open the door.
There is an open door here.
Found a leather armour.
No target in view!
No target in view!
No target in view!
A worm comes into view.
You see here 15 gold pieces.
A worm is nearby!
You hit the worm. The worm bites you!
You hit the worm. The worm bites you.
You hit the worm. You hit the worm. The worm bites you.
You hit the worm. The worm barely misses you.
You hit the worm. You hit the worm. The worm closely misses you.
You hit the worm.
You kill the worm!
Trog accepts your kill.
Unknown command.
You start resting.
You now have 82 gold pieces (gained 15).
You see here a leather armour.
You see here a leather armour.
Found a hunting sling.
No target in view!
You see here a hunting sling.
Sigmund the Dreaded comes into view.
He is wielding a scythe of flaming.
Sigmund shouts!
Sigmund hits you from afar with a scythe of flaming!
Sigmund burns you.
Found 4 fruits.
Sigmund is nearby!
Sigmund is nearby!
Sigmund hits you with a scythe of flaming!
Sigmund burns you.
Sigmund is nearby!
You slash Sigmund!
Sigmund hits you with a scythe of flaming!
* * * LOW HITPOINT WARNING * * *
Sigmund burns you.
You die...

Action                   || total
-------------------------++-------
Melee: Hand axe          ||    96
Invok: Berserk           ||     2
       Trog's Hand       ||     1
 Stab: Sleeping          ||     2
  Eat: Meat ration       ||     1
       Chunk             ||     1

Notes
Turn   | Place    | Note
--------------------------------------------------------------
     0 | D:1      | Alipheese the Naga Berserker began the quest for the Orb.
     0 | D:1      | Reached XP level 1. HP: 21/21 MP: 1/1
   174 | D:1      | Reached XP level 2. HP: 16/28 MP: 2/2
   598 | D:1      | Reached skill level 4 in Axes
   720 | D:1      | Reached XP level 3. HP: 25/34 MP: 3/3
   727 | D:1      | Acquired Trog's second power
  1350 | D:2      | HP: 1/34 [giant gecko (3)]
  1895 | D:2      | Noticed Sigmund
  1897 | D:2      | Slain by Sigmund

Table legend:
 A = Turns spent in this place as a percentage of turns spent in the entire game.
 B = Non-inter-level travel turns spent in this place as a percentage of non-inter-level travel turns spent in the entire game.
 C = Inter-level travel turns spent in this place as a percentage of turns spent in this place.
 D = Turns resting spent in this place as a percentage of non-inter-level travel turns spent in this place.
 E = Turns spent auto-exploring this place as a percentage of non-inter-level travel turns spent in this place.
 F = Non-inter-level travel turns spent in this place divided by the number of levels of this place that you've seen.
                   A       B       C       D       E      F
               +-------+-------+-------+-------+-------+----------------------
         Total | 100.0 | 100.0 |   0.2 |   5.5 |  12.4 | 218.0
       Dungeon | 100.0 | 100.0 |   0.2 |   5.5 |  12.4 | 218.0
               +-------+-------+-------+-------+-------+----------------------

Table legend:
 A = Kills in this place as a percentage of kills in entire the game.
 B = Kills by you in this place as a percentage of kills by you in the entire game.
 C = Kills by friends in this place as a percentage of kills by friends in the entire game.
 D = Other kills in this place as a percentage of other kills in the entire game.
 E = Experience gained in this place as a percentage of experience gained in the entire game.
 F = Experience gained in this place divided by the number of levels of this place that you have seen.
                   A       B       C       D       E      F
               +-------+-------+-------+-------+-------+----------------------
         Total | 100.0 | 100.0 |  -nan |  -nan | 100.0 |  33.0
       Dungeon | 100.0 | 100.0 |  -nan |  -nan | 100.0 |  33.0
               +-------+-------+-------+-------+-------+----------------------

Vanquished Creatures
  An ooze (D:1)
  3 worms (D:2)
  2 giant geckos (D:2)
  2 giant cockroaches (D:1)
  3 goblins (D:1)
  6 hobgoblins
  2 kobolds (D:1)
  A ball python (D:1)
  4 bats
  A giant newt (D:1)
  7 rats
32 creatures vanquished.
